 Dungeon Crawl Stone Soup version 0.23-a0-183-gf37f6fb109 (webtiles) character file.

525 Ablot the Charmwright (level 7, -6/56 HPs)
             Began as a Gnoll Skald on Sept 21, 2018.
             Mangled by a slave (9 damage)
             ... led by Pikel
             ... on level 4 of the Dungeon.
             The game lasted 00:06:20 (2503 turns).

Ablot the Charmwright (Gnoll Skald)                 Turns: 2503, Time: 00:06:21

Health: -6/56      AC:  6    Str: 14    XL:     7   Next: 23%
Magic:  12/15      EV: 15    Int: 15    God:
Gold:   154        SH:  0    Dex: 16    Spells: 6/17 levels left

rFire    . . .     SeeInvis .   a - +0 spear
rCold    . . .     Gourm    .   (no shield)
rNeg     . . .     Faith    .   b - +0 leather armour
rPois    .         Spirit   .   y - +0 helmet
rElec    .         Reflect  .   (no cloak)
rCorr    .         Harm     .   o - +1 pair of gloves
MR       .....                  (no boots)
Stlth    ++........             (no amulet)
HPRegen  0.18/turn              (no ring)
MPRegen  0.14/turn              (no ring)

@: no status effects
A: distributed training, fangs 1, strong nose
a: no special abilities


You were on level 4 of the Dungeon.
You were not hungry.

You visited 1 branch of the dungeon, and saw 4 of its levels.

You collected 194 gold pieces.
You spent 40 gold pieces at shops.

Inventory:

Hand Weapons
 a - a +0 spear (weapon)
 i - a cursed +0 short sword
 B - a +1 whip of freezing
Missiles
 c - 5 poisoned needles
 e - 151 stones (quivered)
 g - 20 sling bullets
 k - 88 arrows
 q - 38 bolts
Armour
 b - a +0 leather armour (worn)
 n - a +0 buckler
 o - a +1 pair of gloves (worn)
 y - a +0 helmet (worn)
Wands
 A - a wand of flame (36)
Scrolls
 f - a scroll of enchant weapon {unknown}
 h - a scroll of identify
 j - 4 scrolls of amnesia
 l - a scroll of fog {unknown}
 m - a scroll of enchant armour {unknown}
 s - 2 scrolls of immolation {unknown}
 t - a scroll of noise {unknown}
 u - 3 scrolls of remove curse
 w - a scroll of teleportation {unknown}
Potions
 p - a potion of agility {unknown}
 r - 2 potions of degeneration
 v - 2 potions of mutation
 x - a potion of brilliance {unknown}
 z - a potion of curing {unknown}
Comestibles
 d - 7 rations
 C - 2 chunks of flesh


   Skills:
 + Level 5.1 Fighting
 + Level 2.3 Short Blades
 + Level 2.3 Long Blades
 + Level 2.3 Axes
 + Level 2.3 Maces & Flails
 + Level 5.1 Polearms
 + Level 2.3 Staves
 + Level 2.3 Slings
 + Level 2.3 Bows
 + Level 2.3 Crossbows
 + Level 2.3 Throwing
 + Level 3.5 Armour
 + Level 5.1 Dodging
 + Level 2.3 Stealth
 + Level 2.3 Shields
 + Level 2.3 Unarmed Combat
 + Level 5.5 Spellcasting
 + Level 1.8 Conjurations
 + Level 1.8 Hexes
 + Level 5.8 Charms
 + Level 1.8 Summonings
 + Level 1.8 Necromancy
 + Level 1.8 Translocations
 + Level 1.8 Transmutations
 + Level 1.8 Fire Magic
 + Level 1.8 Ice Magic
 + Level 1.8 Air Magic
 + Level 1.8 Earth Magic
 + Level 1.8 Poison Magic
 + Level 2.5 Invocations
 + Level 2.3 Evocations


You had 6 spell levels left.
You knew the following spells:

 Your Spells              Type           Power        Failure   Level  Hunger
a - Infusion              Chrm           ###.         1%          1    None
b - Song of Slaying       Chrm           ###.....     2%          2    #......
c - Shroud of Golubria    Chrm/Tloc      ###.......   6%          2    #......
d - Regeneration          Chrm/Necr      ###.......   12%         3    ###....
e - Spectral Weapon       Hex/Chrm       ###.....     12%         3    ###....

Your spell library contained the following spells:

 Spells                   Type           Power        Failure   Level  Hunger


Dungeon Overview and Level Annotations

Branches:
Dungeon (4/15)
 Temple: D:4-7

Altars:
Ashenzari
Elyvilon
Gozag
Hepliaklqana
Qazlal
Uskayaw
Vehumet
Zin

Shops:
D:3 *   D:4 *


Innate Abilities, Weirdness & Mutations

Your experience applies equally to all skills.
You have very sharp teeth.
Your uncanny sense of smell can sniff out nearby items.


Message History

You completely miss the slave.
The slave is almost dead.
The slave hits you.
* * * LOW HITPOINT WARNING * * *
You closely miss the slave.
The slave is almost dead.
The slave closely misses you.
You closely miss the slave. Your bite misses the slave.
The slave is almost dead.
You closely miss the slave.
The slave is almost dead.
The slave hits you but does no damage.
You barely miss the slave.
The slave is almost dead.
The slave hits you.
* * * LOW HITPOINT WARNING * * *
You hit the slave.
The slave is almost dead.
The slave hits you!
You die...

#.# ##...### #.#
#8...8# #.# #...#
#.# ###.##
#.######⌠#.##
..>........⌠#
########⌠#.##
.......###.#########
#########...##..@p.#
# #8...8#####.# #
##...## #.# # ##_##
#p# #
#########p######## #
...........p...# #
#########!.###.....
# #..# .## # #..#


You could see a slave.

Vanquished Creatures
  Grinder (D:4)
  2 slaves (D:4)
  A scorpion (D:4)
  2 hounds
  2 orc wizards
  Jessica (D:2)
  4 adders
  2 oozes
  A worm (D:2)
  3 dart slugs
  2 leopard geckos
  3 orcs (D:3)
  7 bats
  A giant cockroach (D:1)
  8 goblins
  10 hobgoblins
  3 jackals (D:3)
  5 frilled lizards
  8 kobolds
  5 rats
71 creatures vanquished.

Vanquished Creatures (others)
  A spectral weapon (D:4)
1 creature vanquished.

Grand Total: 72 creatures vanquished

Notes
Turn   | Place    | Note
-------+----------+-------------------------------------------
     0 | D:1      | Ablot the Gnoll Skald began the quest for the Orb.
     0 | D:1      | Reached XP level 1. HP: 20/20 MP: 6/6
   127 | D:1      | Reached XP level 2. HP: 26/26 MP: 7/7
   134 | D:1      | Learned a level 2 spell: Song of Slaying
   137 | D:1      | Learned a level 2 spell: Shroud of Golubria
   606 | D:1      | Reached XP level 3. HP: 31/31 MP: 9/9
   719 | D:1      | Found a radiant altar of Vehumet.
   728 | D:1      | Reached skill level 5 in Spellcasting
   838 | D:2      | Learned a level 3 spell: Regeneration
   842 | D:2      | Learned a level 3 spell: Spectral Weapon
   933 | D:2      | Noticed Jessica
   942 | D:2      | Reached skill level 1 in Invocations
   948 | D:2      | Killed Jessica
   948 | D:2      | Reached skill level 1 in Short Blades
   948 | D:2      | Reached skill level 1 in Long Blades
   948 | D:2      | Reached skill level 1 in Axes
   948 | D:2      | Reached skill level 1 in Maces & Flails
   948 | D:2      | Reached skill level 1 in Staves
   948 | D:2      | Reached skill level 1 in Slings
   948 | D:2      | Reached skill level 1 in Bows
   948 | D:2      | Reached skill level 1 in Crossbows
   948 | D:2      | Reached skill level 1 in Throwing
   948 | D:2      | Reached skill level 1 in Stealth
   948 | D:2      | Reached skill level 1 in Shields
   948 | D:2      | Reached skill level 1 in Unarmed Combat
   948 | D:2      | Reached skill level 1 in Evocations
   948 | D:2      | Reached XP level 4. HP: 25/38 MP: 6/11
  1037 | D:2      | Found a shattered altar of Ashenzari.
  1398 | D:3      | Found a hide-covered altar of Uskayaw.
  1413 | D:3      | Reached skill level 1 in Conjurations
  1413 | D:3      | Reached skill level 1 in Hexes
  1413 | D:3      | Reached skill level 1 in Summonings
  1413 | D:3      | Reached skill level 1 in Necromancy
  1413 | D:3      | Reached skill level 1 in Translocations
  1413 | D:3      | Reached skill level 1 in Transmutations
  1413 | D:3      | Reached skill level 1 in Fire Magic
  1413 | D:3      | Reached skill level 1 in Ice Magic
  1413 | D:3      | Reached skill level 1 in Air Magic
  1413 | D:3      | Reached skill level 1 in Earth Magic
  1413 | D:3      | Reached skill level 1 in Poison Magic
  1413 | D:3      | Reached XP level 5. HP: 34/43 MP: 12/12
  1695 | D:3      | Found an opulent altar of Gozag.
  1699 | D:3      | Found Gozag's Platinum Reserve.
  1801 | D:3      | Found a white marble altar of Elyvilon.
  1934 | D:4      | Noticed Grinder
  1943 | D:4      | Paralysed by Grinder for 3 turns
  1953 | D:4      | Killed Grinder
  1953 | D:4      | Reached skill level 5 in Fighting
  1953 | D:4      | Reached skill level 5 in Polearms
  1953 | D:4      | Reached skill level 5 in Dodging
  1953 | D:4      | Reached XP level 6. HP: 44/51 MP: 1/14
  2071 | D:4      | Found a stormy altar of Qazlal.
  2071 | D:4      | Found a glowing silver altar of Zin.
  2234 | D:4      | Reached XP level 7. HP: 48/56 MP: 10/15
  2298 | D:4      | Found a hazy altar of Hepliaklqana.
  2360 | D:4      | Found Xeduq's General Store.
  2381 | D:4      | Bought a scroll of identify for 20 gold pieces
  2384 | D:4      | Bought a scroll of identify for 20 gold pieces
  2502 | D:4      | HP: 2/56 [slave[Pikel] (5)]
  2503 | D:4      | Mangled by a slave

Vault maps used:
D:1:      ncdulo_lavacross, kennysheep_flooded_box
D:2:      ashenzari_conservatory_becter, first_ration, uniq_jessica
D:3:      eat_drink_and_be_merry_uskayaw, nicolae_gozag_zags_fifth_avenue,
          elyvilon_altar_1
D:4:      nicolae_overflow_crystal_walls, amethyst_overflow_temple_binary,
          kennysheep_little_box, serial_shops, shop, grunt_decor_one_mirror,
          kennysheep_windowed_goal, uniq_grinder, uniq_pikel, uniq_edmund

Skill      XL: |  1  2  3  4  5 |
---------------+----------------+-----
Spellcasting   | 5 |  5.5
Invocations    | 1 2 |  2.5
Short Blades   | 1 2 |  2.3
Long Blades    | 1 2 |  2.3
Axes           | 1 2 |  2.3
Maces & Flails | 1 2 |  2.3
Staves         | 1 2 |  2.3
Slings         | 1 2 |  2.3
Bows           | 1 2 |  2.3
Crossbows      | 1 2 |  2.3
Throwing       | 1 2 |  2.3
Stealth        | 1 2 |  2.3
Shields        | 1 2 |  2.3
Unarmed Combat | 1 2 |  2.3
Evocations     | 1 2 |  2.3
Conjurations   | 1 |  1.8
Hexes          | 1 |  1.8
Summonings     | 1 |  1.8
Necromancy     | 1 |  1.8
Translocations | 1 |  1.8
Transmutations | 1 |  1.8
Fire Magic     | 1 |  1.8
Ice Magic      | 1 |  1.8
Air Magic      | 1 |  1.8
Earth Magic    | 1 |  1.8
Poison Magic   | 1 |  1.8
Armour         | 3 |  3.5
Fighting       | 5 |  5.1
Polearms       | 5 |  5.1
Dodging        | 5 |  5.1
Charms         | |  5.8

Action                   |  1- 3 |  4- 6 |  7- 9 || total
-------------------------+-------+-------+-------++-------
Melee: Spear             |   112 |   179 |    80 ||   371
       Bite              |     8 |    22 |    13 ||    43
       Punch             |       |     1 |       ||     1
 Cast: Regeneration      |     1 |     4 |     1 ||     6
       Shroud of Golubri |     1 |     5 |     3 ||     9
       Spectral Weapon   |     1 |     3 |     2 ||     6
       Infusion          |       |     1 |     1 ||     2
  Use: Scroll            |       |     1 |     3 ||     4
 Stab: Sleeping          |     2 |     1 |       ||     3
       Distracted        |       |     1 |       ||     1
  Eat: Chunk             |       |     5 |     2 ||     7
Armor: Leather armour    |    16 |    38 |    13 ||    67
Dodge: Dodged            |    46 |    90 |    41 ||   177

Table legend:
 A = Non-vault XP
 B = Vault XP
 C = Vault XP percentage of total XP
 D = Non-vault monster count
 E = Vault monster count
 F = Vault count percentage of total count
                 A         B        C        D         E       F
            +---------+---------+-------+---------+---------+-------
      Total |     321 |     430 |  57.3 |      65 |       4 |   5.8
            +---------+---------+-------+---------+---------+-------
        D:1 |      39 |       0 |   0.0 |      20 |       0 |   0.0
        D:2 |      44 |      37 |  45.7 |      14 |       1 |   6.7
        D:3 |     145 |       0 |   0.0 |      28 |       0 |   0.0
        D:4 |      93 |     393 |  80.9 |       3 |       3 |  50.0
            +---------+---------+-------+---------+---------+-------
